 Dungeon Crawl Stone Soup version 0.20-a0-490-g2d938b1 (webtiles) character file.

173 M4edhros the Sneak (level 5, -4/33 HPs)
             Began as an Octopode Artificer on Jan 15, 2017.
             Was a Follower of Fedhas.
             Slain by a gnoll (5 damage)
             ... on level 3 of the Dungeon.
             The game lasted 00:02:35 (1821 turns).

M4edhros the Sneak (Octopode Artificer)             Turns: 1821, Time: 00:02:36

Health: -4/33      AC:  1    Str: 11    XL:     5   Next: 53%
Magic:  7/7        EV: 10    Int: 14    God:    Fedhas [*.....]
Gold:   149        SH:  6    Dex: 13    Spells: 4/4 levels left

rFire    . . .     SeeInvis .   o - +0 short sword (flame)
rCold    . . .     Gourm    .   n - +0 shield
rNeg     . . .     Faith    .   (helmet restricted)
rPois    .         Spirit   .   (no amulet)
rElec    .         Reflect  .   e - ring of stealth
rCorr    .         Harm     .   (no ring)
MR       .....                  (no ring)
Stlth    +++++.....             (no ring)
Regen    0.1/turn               (no ring)
                                (no ring)
                                (no ring)
                                (no ring)

@: no status effects
A: almost no armour, stealthy swim, amphibious, 8 rings, constrict 8, camouflage
1, gelatinous body 1
a: Fungal Bloom, Evolution, Renounce Religion


You were on level 3 of the Dungeon.
You worshipped Fedhas.
Fedhas was aware of your devotion.
You were near starving.

You visited 1 branch of the dungeon, and saw 3 of its levels.

You collected 149 gold pieces.

Inventory:

Hand Weapons
 a - a +0 short sword
 m - a +0 hunting sling
 o - a +0 short sword of flaming (weapon)
Missiles
 i - 55 stones (quivered)
 j - 41 sling bullets
Armour
 n - a +0 shield (worn)
Jewellery
 e - a ring of stealth (left tentacle)
Wands
 b - a wand of flame (14/48)
 c - a wand of enslavement (15/24)
 d - a wand of random effects (14/48)
Scrolls
 g - a scroll of noise {unknown}
 h - 2 scrolls of enchant armour {unknown}
 l - a scroll of magic mapping {unknown}
 r - 2 scrolls of identify {unknown}
Potions
 k - a potion of ambrosia {unknown}
 p - a potion of agility {unknown}
 q - a potion of lignification {unknown}
 s - a potion of mutation {unknown}
Comestibles
 f - 3 bread rations
 t - a royal jelly


   Skills:
 - Level 1.0 Fighting
 - Level 1.0 Short Blades
 * Level 2.9 Slings
 - Level 2.0 Dodging
 + Level 5.0 Stealth
 * Level 2.1 Invocations
 - Level 3.2 Evocations


You had 4 spell levels left.
You didn't know any spells.

Dungeon Overview and Level Annotations

Branches:
Dungeon (3/15)

Altars:
Fedhas


Innate Abilities, Weirdness & Mutations

You cannot wear most types of armour.
You are very stealthy in the water. (Stealth+)
You are amphibious.
You can wear up to eight rings at the same time.
You can use your tentacles to constrict eight enemies at once.
Your skin changes colour to match your surroundings (Stealth+).
Your rubbery body absorbs attacks. (AC +1, EV +1)


Message History

A gnoll is nearby!
A gnoll is nearby!
A gnoll is nearby!
You are too injured to fight recklessly!
You swing at nothing.
You closely miss the gnoll. Your grab misses the gnoll.
The gnoll barely misses you.
You barely miss the gnoll. You grab the gnoll. You constrict the gnoll.
The gnoll barely misses you.
You hit the gnoll but do no damage.
The gnoll is lightly wounded.
You constrict the gnoll. The gnoll hits you!
* * * LOW HITPOINT WARNING * * *
The gnoll hits you!
* * * LOW HITPOINT WARNING * * *
You hit the gnoll. You burn the gnoll.
The gnoll is severely wounded.
You constrict the gnoll. The gnoll hits you.
You die...
Fedhas appreciates your contribution to the ecosystem.

#.#.## #P##.##### #....#
#P##.# ###.##
########P##.# #.#
#.....##P##.## #.#
#.....##.#...# #.#
#<...........#
#.#######............#
#..P.[÷....g..##.###.#
#.P########@## #.# #.#
######..### #.# #.# #.#
..........# #.# #.###.#
...###..#.# #.# #.##..#
...PP...#.## #f####.##.##
##.###.÷...#####.........#
............÷...#####.##.#
.###.#>##..####.......##.#
##.#.##..# ##########.#


You could see a gnoll and a friendly wandering mushroom.

Vanquished Creatures
  An orc priest (D:3)
  An orc wizard (D:3)
  Terence (D:2)
  A gnoll (D:3)
  2 adders (D:3)
  An ooze (D:2)
  3 worms
  A dart slug (D:1)
  2 leopard geckos
  2 orcs (D:3)
  A giant cockroach (D:2)
  4 goblins
  5 hobgoblins
  2 quokkas (D:2)
  A ball python (D:3)
  3 bats
  A frilled lizard (D:3)
  11 kobolds
  4 rats (D:1)
47 creatures vanquished.

Vanquished Creatures (collateral kills)
  A gnoll (D:3)
1 creature vanquished.

Vanquished Creatures (others)
  42 toadstools
42 creatures vanquished.

Grand Total: 90 creatures vanquished

Notes
Turn   | Place    | Note
-------+----------+-------------------------------------------
     0 | D:1      | M4edhros the Octopode Artificer began the quest for the Orb.
     0 | D:1      | Reached XP level 1. HP: 13/13 MP: 3/3
    17 | D:1      | Reached skill level 2 in Stealth
   288 | D:2      | Reached skill level 3 in Stealth
   288 | D:2      | Reached XP level 2. HP: 18/18 MP: 4/4
   474 | D:2      | Reached skill level 4 in Stealth
   488 | D:2      | Found a blossoming altar of Fedhas.
   508 | D:2      | Became a worshipper of Fedhas Madash
   525 | D:2      | Reached XP level 3. HP: 22/23 MP: 5/5
   694 | D:1      | Reached skill level 1 in Slings
  1019 | D:2      | Noticed Terence
  1021 | D:2      | Killed Terence
  1021 | D:2      | Reached XP level 4. HP: 28/28 MP: 6/6
  1023 | D:2      | Reached * piety under Fedhas
  1639 | D:3      | Reached skill level 1 in Invocations
  1639 | D:3      | Reached XP level 5. HP: 26/33 MP: 7/7
  1739 | D:3      | Reached skill level 5 in Stealth
  1820 | D:3      | HP: 1/33 [gnoll (8)]
  1821 | D:3      | Slain by a gnoll

Vault maps used:
D:1:      doesnt_arrival_eight_statues
D:2:      first_bread, fedhas_altar_1, uniq_terence
D:3:      uniq_grinder, uniq_robin, uniq_crazy_yiuf_cottage

Skill      XL: |  1  2  3  4  5 |
---------------+----------------+-----
Stealth        | 3 4 5 |  5.0
Slings         | 1 2 |  2.9
Invocations    | 1 2 |  2.1
Fighting       | |  1.0
Short Blades   | |  1.0
Dodging        | |  2.0
Evocations     | |  3.2

Action                   |  1- 3 |  4- 6 || total
-------------------------+-------+-------++-------
Melee: Short sword       |    44 |    45 ||    89
       Constrict         |    11 |    13 ||    24
       Tentacles         |    11 |     7 ||    18
Invok: Fungal Bloom      |    11 |     9 ||    20
       Evolution         |       |     1 ||     1
Evoke: Wand              |       |     2 ||     2
 Stab: Sleeping          |    12 |     6 ||    18
  Eat: Chunk             |       |     1 ||     1
Armor: Skin              |     1 |     6 ||     7
Dodge: Dodged            |    16 |    24 ||    40
Block: Shield            |       |    14 ||    14
